 Dungeon Crawl Stone Soup version 0.24.0-37-gcf1ca852f1 (webtiles) character file.

Game seed: 3803010614961176017, levelgen mode: deterministic

70 kaze the Skirmisher (level 4, 0/40 HPs)
             Began as a Hill Orc Fighter on Nov 23, 2019.
             Was an Initiate of Makhleb.
             Succumbed to an adder's poison
             ... on level 2 of the Dungeon.
             The game lasted 00:04:13 (1086 turns).

kaze the Skirmisher (Hill Orc Fighter)              Turns: 1086, Time: 00:04:14

Health: 0/40       AC: 11    Str: 22 (24) XL:     4   Next: 22%
Magic:  4/4        EV:  4    Int:  6 (8)  God:    Makhleb [......]
Gold:   63         SH:  9    Dex:  9 (10) Spells: 3/3 levels left

rFire    . . .     SeeInvis .   a - +0 war axe
rCold    . . .     Gourm    .   c - +0 shield
rNeg     . . .     Faith    .   h - +0 plate armour
rPois    .         Spirit   .   (no helmet)
rElec    .         Reflect  .   (no cloak)
rCorr    .         Harm     .   (no gloves)
MR       .....                  (no boots)
Stlth    ..........             (no amulet)
HPRegen  0.13/turn              (no ring)
MPRegen  0.09/turn              (no ring)

@: mighty, lethally poisoned (0 -> -5)
A: no striking features
a: Renounce Religion


You were on level 2 of the Dungeon.
You worshipped Makhleb.
Makhleb was noncommittal.
You were not hungry.

You visited 1 branch of the dungeon, and saw 2 of its levels.

You collected 63 gold pieces.

Inventory:

Hand Weapons
 a - a +0 war axe (weapon)
Missiles
 k - 2 javelins (quivered)
Armour
 c - a +0 shield (worn)
 h - a +0 plate armour (worn)
Scrolls
 e - a scroll of enchant armour {unknown}
 g - a scroll of identify {unknown}
 i - a scroll of remove curse {unknown}
Potions
 d - a potion of might
Comestibles
 f - 3 rations


   Skills:
 + Level 4.2 Fighting
 + Level 3.5 Axes
 + Level 4.0 Armour
 + Level 0.8 Dodging
 + Level 3.7 Shields


You had 3 spell levels left.
You didn't know any spells.
Your spell library was empty.

Dungeon Overview and Level Annotations

Branches:
Dungeon (2/15)

Altars:
Elyvilon
Kikubaaqudgha
Makhleb
The Shining One


Message History

You slash the worm!
You kill the worm!
Makhleb accepts your kill.
You barely miss the bat.
* * * LOW HITPOINT WARNING * * *
You feel sick. The bat hits you but does no damage.
You closely miss the adder. You barely miss the bat.
* * * LOW HITPOINT WARNING * * *
You feel sick. The bat hits you but does no damage.
You block the adder's attack. You block the bat's attack.
The adder barely misses you.
You closely miss the adder. You miss the bat.
* * * LOW HITPOINT WARNING * * *
You feel sick. The bat barely misses you. The adder completely misses you.
You block the adder's attack.
You slash the adder!
You kill the adder!
Makhleb accepts your kill.
You feel your strength returning.
You die...

#..#...........
####.#######.##.†#########
##....#...........#
........#####.#.###
........## #.#.#
.........# ##...#
.........###..###
.........##...#
........g>@..## ###
.......)g#.### ###..
.#.......#.# #...#
#.......b.. ########.###
##.....#.... .........#
.........##.. ###.....#
..........####.# #.....#
.###.#.##.... ...##.....#
#.# #.#. #......<.#


You could see a hobgoblin, a goblin and a bat.

Vanquished Creatures
  3 adders (D:2)
  A worm (D:2)
  3 giant cockroaches
  6 goblins
  7 hobgoblins
  3 jackals (D:1)
  A quokka (D:2)
  4 bats
  2 frilled lizards
  5 kobolds
  4 rats
39 creatures vanquished.

Notes
Turn   | Place    | Note
-------+----------+-------------------------------------------
     0 | D:1      | kaze the Hill Orc Fighter began the quest for the Orb.
     0 | D:1      | Reached XP level 1. HP: 19/19 MP: 1/1
    70 | D:1      | Reached XP level 2. HP: 12/27 MP: 2/2
   549 | D:1      | Reached XP level 3. HP: 33/33 MP: 3/3
   877 | D:2      | Found a glowing golden altar of the Shining One.
   877 | D:2      | Found a burning altar of Makhleb.
   879 | D:2      | Found an ancient bone altar of Kikubaaqudgha.
   909 | D:2      | Found a white marble altar of Elyvilon.
   957 | D:2      | Became a worshipper of Makhleb the Destroyer
  1082 | D:2      | Reached XP level 4. HP: 4/40 MP: 4/4
  1084 | D:2      | HP: 2/40 [poisoned by an adder]
  1086 | D:2      | Succumbed to an adder's poison

Levels and vault maps discovered:
D:1:      roderic_dead_forest, layout_rooms
D:2:      layout_rooms, nicolae_overflow_quartered_altars

Skill      XL: |  1  2  3 |
---------------+----------+-----
Axes           | 3 |  3.5
Fighting       | 4 |  4.2
Armour         | 4 |  4.0
Dodging        | |  0.8
Shields        | |  3.7

Action                   |  1- 3 |  4- 6 || total
-------------------------+-------+-------++-------
Melee: War axe           |   125 |     4 ||   129
Throw: Javelin           |     1 |       ||     1
  Use: Potion            |     4 |       ||     4
  Eat: Ration            |     1 |       ||     1
Armor: Scale mail        |    49 |       ||    49
       Plate armour      |    36 |     2 ||    38
Dodge: Dodged            |    40 |     3 ||    43
Block: Shield            |    81 |     5 ||    86
